 Dungeon Crawl Stone Soup version 0.25-a0-429-g4e4398398a (webtiles) character file.

Game seed: 3687071263438226023, levelgen mode: deterministic

766 Esekla the Stinger (level 8, -3/57 HPs)
             Began as a Formicid Venom Mage on Jan 25, 2020.
             Killed by nerve-wracking pain
             ... invoked by Menkaure
              (12 damage)
             ... on level 5 of the Dungeon.
             The game lasted 00:36:24 (4904 turns).

Esekla the Stinger (Formicid Venom Mage)            Turns: 4904, Time: 00:36:26

Health: -3/57      AC:  4    Str: 13    XL:     8   Next: 8%
Magic:  15/15      EV: 12    Int: 16    God:
Gold:   261        SH:  0    Dex: 12    Spells: 10/16 levels left

rFire    . . .     SeeInvis +   v - +3 long sword
rCold    . . .     Gourm    .   (no shield)
rNeg     . . .     Faith    .   m - +0 robe (curse)
rPois    .         Spirit   .   (helmet unavailable)
rElec    .         Reflect  .   (no cloak)
rCorr    +         Harm     .   (no gloves)
MR       .....                  h - +1 pair of boots
Stlth    ++........             p - amulet of magic regeneration
HPRegen  0.19/turn              q - ring of resist corrosion
MPRegen  0.39/turn              (no ring)

@: no status effects
A: permanent stasis, dig shafts and tunnels, four strong arms, antennae 3
a: Dig, Shaft Self


You were on level 5 of the Dungeon.
You were very hungry.

You visited 1 branch of the dungeon, and saw 7 of its levels.

You collected 261 gold pieces.

Inventory:

Hand Weapons
 v - a +3 long sword (weapon)
 w - a +4 war axe
 E - a +1 dagger of venom
Missiles
 i - 12 boomerangs (quivered)
 x - 11 poisoned darts
Armour
 h - a +1 pair of boots (worn)
 m - a cursed +0 robe (worn)
Jewellery
 p - an amulet of magic regeneration (around neck)
 q - a ring of resist corrosion (left hand)
 F - a +4 ring of dexterity {unknown}
Wands
 a - a wand of random effects (16)
 g - a wand of iceblast (3)
Scrolls
 b - 2 scrolls of amnesia {unknown}
 d - 2 scrolls of fear {unknown}
 j - a scroll of remove curse {unknown}
 n - 2 scrolls of identify
 o - 3 scrolls of teleportation {unknown}
 s - a scroll of immolation {unknown}
 u - 2 scrolls of blinking {unknown}
 y - a scroll of enchant weapon {unknown}
 A - a scroll of magic mapping {unknown}
 B - a scroll of enchant armour {unknown}
 D - a scroll of noise {unknown}
Potions
 e - 3 potions of might
 f - a potion of flight
 k - 2 potions of heal wounds
 l - 3 potions of curing
 r - 3 potions of lignification
 t - a potion of mutation
 z - a potion of experience {unknown}
 C - a potion of agility {unknown}
Comestibles
 c - 6 rations


   Skills:
 * Level 2.5 Fighting
 + Level 0.7(1.2) Short Blades
 * Level 1.3(1.5) Long Blades
 + Level 1.1 Throwing
 + Level 2.3 Dodging
 - Level 2.5 Stealth
 * Level 4.7 Spellcasting
 * Level 2.0 Conjurations
 - Level 1.1 Transmutations
 + Level 3.0 Air Magic
 + Level 6.1 Poison Magic


You had 10 spell levels left.
You knew the following spells:

 Your Spells              Type           Power        Failure   Level  Hunger
a - Sting                 Tmut/Pois      ###.         3%          1    None
c - Mephitic Cloud        Conj/Pois/Air  ###.....     10%         3    ###....
v - Poisonous Vapours     Pois/Air       ###...       3%          2    ##.....

Your spell library contained the following spells:

 Spells                   Type           Power        Failure   Level  Hunger
 Olgreb's Toxic Radiance  Pois           ###.....     12%         4    ####...
 Ignite Poison            Fire/Tmut/Pois ##......     17%         3    ###....


Dungeon Overview and Level Annotations

Branches:
Dungeon (7/15)
 Temple: D:4-7

Altars:
Elyvilon
Nemelex Xobeh
Okawaru
Qazlal
Sif Muna
Yredelemnul
The Shining One

Annotations:
D:5 Grinder, Menkaure


Innate Abilities, Weirdness & Mutations

You cannot be hasted, slowed, berserked, paralysed or teleported.
You can dig through walls and to a lower floor.
Your four strong arms can wield two-handed weapons with a shield.
You have a pair of large antennae on your head. (SInv)


Message History

Menkaure misses you.
You riposte.
You hit Menkaure but do no damage.
Menkaure is lightly damaged.
Menkaure completely misses you.
You hit Menkaure but do no damage.
Menkaure is lightly damaged.
Menkaure calls on the powers of darkness!
Your body is wracked with pain!
You hit Menkaure.
Menkaure is moderately damaged.
Menkaure closely misses you.
You riposte.
You slash Menkaure!
Menkaure is severely damaged.
Menkaure misses you.
You riposte.
You hit Menkaure.
Menkaure is almost destroyed.
You completely miss Menkaure.
Menkaure is almost destroyed.
Menkaure hits you!
* * * LOW HITPOINT WARNING * * *
Menkaure points at you and mumbles some strange words.
Pain shoots through your body!
You die...

#...>... #.....#
.......... ...........
#.....##..........
.....a.....
#..........>.....#
####5......
#M...............#
#.......
#...............<#
#.......
#................#
########
#......#.......M.#
#<.....#.......@.######
#o......#..........<...##
......o..#..............##
o........##..............#
.........................#
.......#.#.......))......#
#......# ........[>......#
##..#### ##..............#
#.............##


You could see Menkaure.

Vanquished Creatures
  A sky beast (D:6)
  An ogre (D:6)
  A bullfrog (D:6)
  A scorpion (D:6)
  2 hounds (D:6)
  A jelly (D:6)
  An orc priest (D:6)
  A centaur skeleton (D:4)
  2 orc wizards
  Natasha (thrice) (D:2)
  4 worker ants
  2 worms
  3 dart slugs
  5 leopard geckos
  17 orcs
  9 bats
  5 giant cockroaches
  8 hobgoblins
  3 jackals (D:1)
  2 quokkas (D:2)
  3 frilled lizards (D:2)
  8 goblins
  12 kobolds
  5 rats
100 creatures vanquished.

Notes
Turn   | Place    | Note
-------+----------+-------------------------------------------
     0 | D:1      | Esekla the Formicid Venom Mage began the quest for the Orb.
     0 | D:1      | Reached XP level 1. HP: 13/13 MP: 3/3
    68 | D:1      | Reached XP level 2. HP: 8/19 MP: 1/5
   279 | D:1      | You fall into a shaft and drop 1 floor!
   283 | D:2      | Learned a level 2 spell: Poisonous Vapours
   555 | D:1      | Reached XP level 3. HP: 25/25 MP: 3/6
   861 | D:1      | Learned a level 3 spell: Mephitic Cloud
  1414 | D:2      | Reached XP level 4. HP: 31/31 MP: 8/8
  1478 | D:2      | Noticed Natasha
  1486 | D:2      | Killed Natasha
  1486 | D:2      | Reached skill level 1 in Air Magic
  1486 | D:2      | Reached skill level 5 in Poison Magic
  2201 | D:2      | Noticed Natasha
  2205 | D:2      | Killed Natasha
  2205 | D:2      | Reached skill level 1 in Fighting
  2205 | D:2      | Reached XP level 5. HP: 37/37 MP: 1/9
  2463 | D:3      | Found a glowing golden altar of the Shining One.
  2665 | D:4      | Reached skill level 1 in Conjurations
  2665 | D:4      | Reached XP level 6. HP: 26/43 MP: 8/11
  2681 | D:4      | Found a stormy altar of Qazlal.
  2682 | D:4      | Found a shimmering blue altar of Sif Muna.
  2685 | D:4      | Found a basalt altar of Yredelemnul.
  2688 | D:4      | Found a white marble altar of Elyvilon.
  2766 | D:5      | Entered Level 5 of the Dungeon
  2767 | D:5      | Noticed Grinder
  2869 | D:5      | Noticed Menkaure
  3083 | D:3      | Found an iron altar of Okawaru.
  3477 | D:2      | Noticed Natasha
  3487 | D:2      | Killed Natasha
  3711 | D:4      | Noticed a phantom
  3753 | D:4      | You fall into a shaft and drop 1 floor!
  3753 | D:5      | Noticed an ice beast
  3772 | D:5      | Noticed an ice beast
  3884 | D:5      | You fall into a shaft and drop 2 floors!
  4007 | D:6      | Noticed a sky beast
  4013 | D:6      | Killed a sky beast
  4013 | D:6      | Reached XP level 7. HP: 50/50 MP: 6/12
  4178 | D:6      | Reached skill level 1 in Long Blades
  4178 | D:6      | Reached skill level 1 in Throwing
  4283 | D:6      | Found a sparkling altar of Nemelex Xobeh.
  4353 | D:6      | Reached skill level 6 in Poison Magic
  4796 | D:6      | Reached XP level 8. HP: 57/57 MP: 10/15
  4904 | D:5      | Killed from afar by Menkaure

Levels and vault maps discovered:
D:1:      dpeg_arrival_rooms_with_view, layout_basic, serial_forest,
          infiniplex_forest_zigzag_1, infiniplex_forest_straight_3,
          infiniplex_forest_corner_1, infiniplex_forest_straight_2,
          infiniplex_forest_side_room, infiniplex_forest_straight_3,
          hangedman_abyss_or_decor_stabs, minmay_ruptured
D:2:      wad_river_or_something, layout_basic, uniq_natasha
D:3:      layout_loops_cross, tso_metal_star, okawaru_metal_pillars_1_2
D:4:      layout_layer_cave, grunt_temple_overflow_open
D:5:      layout_rooms, nicolae_gozag_seed_capital, marbit_many_paths,
          first_ration, uniq_edmund, uniq_menkaure, uniq_grinder
D:6:      layout_basic, kennysheep_little_box
D:7:      layout_cave_pods, minmay_temple_entry_grid, grunt_ogre_cave,
          minmay_fractal_squares_gapless_5, uniq_harold

Skill      XL: |  1  2  3  4  5  6  7  8 |
---------------+-------------------------+-----
Spellcasting   | 3 4 |  4.7
Air Magic      | 1 2 3 |  3.0
Poison Magic   | 5 6 |  6.1
Fighting       | 1 2 |  2.5
Conjurations   | 1 2 |  2.0
Dodging        | 2 |  2.3
Long Blades    | 1 |  1.3
Throwing       | 1 |  1.1
Short Blades   | |  0.7
Stealth        | |  2.5
Transmutations | |  1.1

Action                   |  1- 3 |  4- 6 |  7- 9 || total
-------------------------+-------+-------+-------++-------
Melee: Unarmed           |     6 |       |       ||     6
       Dagger            |    29 |       |       ||    29
       Short sword       |    44 |    39 |       ||    83
       Long sword        |       |    37 |    33 ||    70
       War axe           |       |       |     5 ||     5
Throw: Boomerang         |       |    21 |     1 ||    22
 Cast: Sting             |     7 |       |       ||     7
       Poisonous Vapours |    20 |    45 |    25 ||    90
       Mephitic Cloud    |       |       |     1 ||     1
 Abil: Shaft Self        |     1 |     1 |       ||     2
  Use: Scroll            |       |     8 |       ||     8
 Stab: Sleeping          |     3 |     3 |     2 ||     8
  Eat: Ration            |     1 |     2 |       ||     3
       Chunk             |       |     4 |     3 ||     7
Armor: Robe              |    14 |    19 |     4 ||    37
Dodge: Dodged            |    42 |    53 |    35 ||   130
       Rpst.: Long sword |       |     6 |    11 ||    17

Table legend:
 A = Non-vault XP
 B = Vault XP
 C = Vault XP percentage of total XP
 D = Non-vault monster count
 E = Vault monster count
 F = Vault count percentage of total count
                 A         B        C        D         E       F
            +---------+---------+-------+---------+---------+-------
      Total |     994 |     101 |   9.2 |      84 |      16 |  16.0
            +---------+---------+-------+---------+---------+-------
        D:1 |      41 |      12 |  22.6 |      23 |       5 |  17.9
        D:2 |     113 |      49 |  30.2 |      24 |      10 |  29.4
        D:3 |      55 |       0 |   0.0 |       9 |       0 |   0.0
        D:4 |      78 |       0 |   0.0 |       4 |       0 |   0.0
        D:5 |      43 |       0 |   0.0 |       4 |       0 |   0.0
        D:6 |     664 |      40 |   5.7 |      20 |       1 |   4.8
            +---------+---------+-------+---------+---------+-------
